[ AOE2 MATCH · #480309483 ]
UnrankedLithuanians vs Italians
[ REPLAY ANALYSIS · EXTRACTED FROM THE RECORDED GAME ]
Feudal
11:51
Castle
16:00
Imperial
—
| APM avg | 37.7 |
| APM peak | 88 |
| eAPM avg | 19.2 |
| Villagers / military | 68 / 44 |
Focus
⚔️ 24.2% · 🌾 75.8%
Knight ×37 · Spearman ×4 · Monk ×3
Feudal
11:06
Castle
14:43
Imperial
27:52
| APM avg | 28.4 |
| APM peak | 70 |
| eAPM avg | 14.0 |
| Villagers / military | 122 / 1 |
Focus
⚔️ 8.7% · 🌾 91.3%
Monk ×1
Feudal
12:14
Castle
16:21
Imperial
—
| APM avg | 27.0 |
| APM peak | 73 |
| eAPM avg | 15.0 |
| Villagers / military | 31 / 0 |
Focus
⚔️ 33.0% · 🌾 67.0%
Feudal
11:15
Castle
14:47
Imperial
—
| APM avg | 50.6 |
| APM peak | 121 |
| eAPM avg | 21.1 |
| Villagers / military | 50 / 14 |
Focus
⚔️ 12.6% · 🌾 87.4%
Monk ×11 · Armored Elephant ×3
Feudal
10:33
Castle
14:51
Imperial
—
| APM avg | 32.6 |
| APM peak | 95 |
| eAPM avg | 16.5 |
| Villagers / military | 82 / 26 |
Focus
⚔️ 18.0% · 🌾 82.0%
Camel Scout ×25 · Monk ×1
Feudal
8:52
Castle
20:17
Imperial
—
| APM avg | 25.4 |
| APM peak | 64 |
| eAPM avg | 13.7 |
| Villagers / military | 71 / 41 |
Focus
⚔️ 15.0% · 🌾 85.0%
Knight ×36 · Scout Cavalry ×5
Feudal
11:10
Castle
15:28
Imperial
—
| APM avg | 57.0 |
| APM peak | 115 |
| eAPM avg | 25.7 |
| Villagers / military | 50 / 27 |
Focus
⚔️ 10.8% · 🌾 89.2%
Conquistador ×14 · Battering Ram ×7 · Petard ×4 · Spearman ×2
Feudal
10:44
Castle
15:16
Imperial
—
| APM avg | 34.6 |
| APM peak | 79 |
| eAPM avg | 13.2 |
| Villagers / military | 47 / 14 |
Focus
⚔️ 18.5% · 🌾 81.5%
Conquistador ×8 · Missionary ×4 · Petard ×2
Match map
Initial resources + every placement click. Lines = walls · curves = elevation contours. ◆ gold · ⬟ stone · ● berries · ✦ relic · ◌ wall gap
Your base· ✓ Closed at 16:00 · 0t walls · 2 gate(s)
the shy's base· ✓ Closed at 14:43 · 4t walls · 3 gate(s)
HD_JAGUAR's base· ✓ Closed at 16:21 · 0t walls · 2 gate(s)
Coco_Tullido's base· ✓ Closed at 14:47 · 0t walls · 3 gate(s)
[SotC] Memowolf's base· ✓ Closed at 14:51 · 0t walls · 3 gate(s)
The_ Rock's base· ✓ Closed at 20:17 · 0t walls · 2 gate(s)
Corsican Pirate's base· ✓ Closed at 15:28 · 0t walls · 2 gate(s)
kick/Chuberto's base· ✓ Closed at 15:16 · 0t walls · 3 gate(s)
Smoothed initial terrain · ◌ = detected wall gap · hover for details
Inputs per minute
— Dani_Tullido - - the shy
Build order — Dani_Tullido
First 150 of 197 actions detected
| 0:02 | Build | House |
| 0:05 | Build | House |
| 0:06 | Create | Villager (Male) |
| 0:06 | Create | Villager (Male) |
| 0:06 | Create | Villager (Male) |
| 0:07 | Create | Villager (Male) |
| 0:17 | Create | Villager (Male) |
| 0:17 | Create | Villager (Male) |
| 1:28 | Create | Villager (Male) |
| 2:13 | Create | Villager (Male) |
| 2:17 | Build | Lumber Camp |
| 2:33 | Create | Villager (Male) |
| 2:44 | Build | House |
| 2:44 | Build | House |
| 2:56 | Create | Villager (Male) |
| 3:59 | Create | Villager (Male) |
| 3:59 | Create | Villager (Male) |
| 3:59 | Create | Villager (Male) |
| 4:32 | Create | Villager (Male) |
| 4:32 | Create | Villager (Male) |
| 4:48 | Build | Mill |
| 5:07 | Create | Villager (Male) |
| 5:07 | Create | Villager (Male) |
| 5:24 | Create | Villager (Male) |
| 6:04 | Build | Mill |
| 6:11 | Create | Villager (Male) |
| 6:11 | Create | Villager (Male) |
| 6:30 | Build | House |
| 7:09 | Create | Villager (Male) |
| 7:09 | Create | Villager (Male) |
| 7:10 | Create | Villager (Male) |
| 7:17 | Create | Villager (Male) |
| 7:37 | Build | Lumber Camp |
| 7:45 | Create | Villager (Male) |
| 7:53 | Create | Villager (Male) |
| 8:26 | Build | Farm |
| 8:27 | Create | Villager (Male) |
| 8:29 | Build | Farm |
| 8:54 | Build | Farm |
| 9:04 | Research | Feudal Age |
| 9:04 | Create | Villager (Male) |
| 9:05 | Create | Villager (Male) |
| 9:31 | Build | Mining Camp |
| 11:12 | Build | Farm |
| 11:23 | Build | Farm |
| 11:51 | Age | Feudal Age |
| 12:01 | Build | Market |
| 12:05 | Build | Blacksmith |
| 12:41 | Build | Barracks |
| 12:48 | Create | Villager (Male) |
| 12:57 | Research | Double-Bit Axe |
| 12:57 | Research | Double-Bit Axe |
| 13:14 | Build | House |
| 13:20 | Research | Castle Age |
| 13:33 | Create | Spearman |
| 13:33 | Create | Spearman |
| 13:33 | Create | Spearman |
| 13:33 | Create | Spearman |
| 14:18 | Build | Stable |
| 14:37 | Create | Villager (Male) |
| 14:40 | Build | House |
| 14:42 | Research | Horse Collar |
| 14:47 | Build | Farm |
| 15:22 | Build | Farm |
| 15:35 | Create | Villager (Male) |
| 16:00 | Age | Castle Age |
| 16:01 | Create | Knight |
| 16:01 | Create | Knight |
| 16:01 | Create | Knight |
| 16:05 | Build | Monastery |
| 16:07 | Create | Villager (Male) |
| 16:16 | Research | Bow Saw |
| 16:21 | Build | House |
| 16:41 | Create | Villager (Male) |
| 16:49 | Build | Farm |
| 16:55 | Create | Monk |
| 16:55 | Create | Monk |
| 17:00 | Build | Mining Camp |
| 17:01 | Create | Villager (Male) |
| 17:06 | Build | Farm |
| 17:12 | Create | Knight |
| 17:15 | Create | Villager (Male) |
| 17:52 | Create | Monk |
| 17:53 | Create | Villager (Male) |
| 17:57 | Build | House |
| 18:02 | Build | Farm |
| 18:02 | Build | Farm |
| 18:21 | Create | Villager (Male) |
| 18:30 | Research | Scale Barding Armor |
| 18:32 | Build | Farm |
| 18:36 | Build | Farm |
| 18:38 | Build | Farm |
| 18:38 | Build | Farm |
| 18:38 | Build | Farm |
| 18:39 | Build | Farm |
| 18:39 | Build | Farm |
| 19:08 | Create | Knight |
| 19:09 | Create | Knight |
| 19:09 | Create | Knight |
| 19:23 | Create | Villager (Male) |
| 19:23 | Create | Villager (Male) |
| 19:27 | Build | House |
| 19:27 | Build | House |
| 19:28 | Build | House |
| 19:47 | Create | Villager (Male) |
| 20:16 | Build | Town Center |
| 20:25 | Create | Knight |
| 20:25 | Create | Knight |
| 20:25 | Create | Knight |
| 20:30 | Build | Farm |
| 20:31 | Build | Farm |
| 20:35 | Build | Farm |
| 20:35 | Build | Farm |
| 20:40 | Create | Villager (Male) |
| 20:57 | Create | Villager (Male) |
| 21:00 | Create | Villager (Male) |
| 21:21 | Create | Knight |
| 21:39 | Create | Knight |
| 21:40 | Create | Knight |
| 21:40 | Create | Villager (Male) |
| 21:40 | Create | Villager (Male) |
| 21:52 | Create | Villager (Male) |
| 21:58 | Build | Farm |
| 21:58 | Build | Farm |
| 21:59 | Build | Farm |
| 21:59 | Build | Farm |
| 21:59 | Build | Farm |
| 21:59 | Build | Farm |
| 22:01 | Create | Villager (Male) |
| 22:41 | Create | Knight |
| 22:41 | Create | Knight |
| 23:05 | Create | Villager (Male) |
| 23:06 | Create | Villager (Male) |
| 23:06 | Create | Villager (Male) |
| 23:06 | Create | Villager (Male) |
| 23:10 | Build | Town Center |
| 23:21 | Create | Knight |
| 23:40 | Research | Bloodlines |
| 23:41 | Research | Husbandry |
| 23:49 | Build | Stable |
| 23:49 | Create | Villager (Male) |
| 23:51 | Create | Villager (Male) |
| 23:57 | Build | Farm |
| 24:00 | Create | Villager (Male) |
| 24:12 | Research | Chain Barding Armor |
| 24:35 | Create | Knight |
| 24:36 | Create | Knight |
| 24:36 | Create | Knight |
| 24:40 | Research | Forging |
| 24:43 | Build | House |
Build order — the shy
First 150 of 225 actions detected
| 0:03 | Create | Villager (Male) |
| 0:04 | Create | Villager (Male) |
| 0:04 | Create | Villager (Male) |
| 0:04 | Create | Villager (Male) |
| 1:30 | Create | Villager (Male) |
| 2:00 | Create | Villager (Male) |
| 2:01 | Create | Villager (Male) |
| 2:26 | Create | Villager (Male) |
| 2:29 | Build | Lumber Camp |
| 2:54 | Create | Villager (Male) |
| 2:54 | Create | Villager (Male) |
| 3:03 | Create | Villager (Male) |
| 3:19 | Create | Villager (Male) |
| 3:32 | Create | Villager (Male) |
| 4:01 | Create | Villager (Male) |
| 4:06 | Create | Villager (Male) |
| 4:32 | Create | Villager (Male) |
| 4:48 | Create | Villager (Male) |
| 5:04 | Build | Mill |
| 5:13 | Create | Villager (Male) |
| 5:28 | Create | Villager (Male) |
| 5:30 | Create | Villager (Male) |
| 5:59 | Build | Farm |
| 6:12 | Create | Villager (Male) |
| 6:15 | Build | Palisade Wall |
| 6:16 | Build | Palisade Wall |
| 6:19 | Build | Palisade Wall |
| 6:21 | Build | Palisade Wall |
| 6:27 | Create | Villager (Male) |
| 6:47 | Create | Villager (Male) |
| 7:02 | Build | Mill |
| 7:08 | Create | Villager (Male) |
| 7:22 | Create | Villager (Male) |
| 7:49 | Build | Farm |
| 7:59 | Build | Farm |
| 8:08 | Create | Villager (Male) |
| 8:56 | Research | Feudal Age |
| 9:22 | Create | Villager (Male) |
| 9:23 | Create | Villager (Male) |
| 11:06 | Age | Feudal Age |
| 11:11 | Build | Market |
| 11:20 | Build | Blacksmith |
| 11:30 | Build | Farm |
| 11:37 | Build | Farm |
| 12:03 | Research | Castle Age |
| 12:03 | Research | Castle Age |
| 12:10 | Research | Double-Bit Axe |
| 12:23 | Research | Horse Collar |
| 14:03 | Create | Villager (Male) |
| 14:43 | Age | Castle Age |
| 14:47 | Build | Town Center |
| 14:48 | Research | Bow Saw |
| 14:48 | Create | Villager (Male) |
| 14:55 | Build | Town Center |
| 15:13 | Create | Villager (Male) |
| 15:22 | Create | Villager (Male) |
| 15:41 | Build | Monastery |
| 16:01 | Build | Farm |
| 16:02 | Create | Villager (Male) |
| 16:15 | Create | Villager (Male) |
| 16:18 | Create | Villager (Male) |
| 16:24 | Create | Monk |
| 16:31 | Create | Villager (Male) |
| 16:33 | Build | Farm |
| 16:34 | Create | Villager (Male) |
| 16:34 | Create | Villager (Male) |
| 16:38 | Create | Villager (Male) |
| 16:47 | Create | Villager (Male) |
| 16:54 | Build | Lumber Camp |
| 16:55 | Create | Villager (Male) |
| 17:04 | Build | Farm |
| 17:07 | Create | Villager (Male) |
| 17:09 | Create | Villager (Male) |
| 17:13 | Build | Farm |
| 17:22 | Build | Farm |
| 17:23 | Create | Villager (Male) |
| 17:24 | Create | Villager (Male) |
| 17:39 | Build | Farm |
| 17:41 | Build | Farm |
| 17:42 | Create | Villager (Male) |
| 17:46 | Build | Farm |
| 17:50 | Build | Farm |
| 17:58 | Build | Farm |
| 18:03 | Build | Farm |
| 18:04 | Create | Villager (Male) |
| 18:08 | Build | Farm |
| 18:20 | Create | Villager (Male) |
| 18:31 | Build | Lumber Camp |
| 18:34 | Create | Villager (Male) |
| 18:36 | Build | Farm |
| 18:44 | Build | Farm |
| 18:46 | Build | Farm |
| 18:47 | Create | Villager (Male) |
| 18:49 | Create | Villager (Male) |
| 19:08 | Create | Villager (Male) |
| 19:12 | Build | Town Center |
| 19:16 | Create | Villager (Male) |
| 19:24 | Create | Villager (Male) |
| 19:29 | Build | Farm |
| 19:30 | Build | Farm |
| 19:35 | Build | Farm |
| 19:36 | Build | Farm |
| 19:40 | Build | Farm |
| 19:42 | Build | Farm |
| 19:42 | Create | Villager (Male) |
| 19:43 | Create | Villager (Male) |
| 19:46 | Build | Farm |
| 19:49 | Build | Farm |
| 19:53 | Build | Farm |
| 19:56 | Build | Farm |
| 19:56 | Create | Villager (Male) |
| 20:01 | Build | Farm |
| 20:02 | Create | Villager (Male) |
| 20:04 | Create | Villager (Male) |
| 20:06 | Build | Farm |
| 20:12 | Build | Farm |
| 20:16 | Create | Villager (Male) |
| 20:20 | Build | Farm |
| 20:21 | Build | Farm |
| 20:22 | Create | Villager (Male) |
| 20:28 | Create | Villager (Male) |
| 20:31 | Build | Mining Camp |
| 20:34 | Create | Villager (Male) |
| 20:41 | Build | Farm |
| 20:41 | Create | Villager (Male) |
| 20:42 | Create | Villager (Male) |
| 20:46 | Create | Villager (Male) |
| 20:48 | Build | Farm |
| 20:49 | Research | Loom |
| 20:52 | Build | Farm |
| 20:57 | Create | Villager (Male) |
| 20:58 | Create | Villager (Male) |
| 21:03 | Build | Farm |
| 21:06 | Create | Villager (Male) |
| 21:11 | Build | Farm |
| 21:11 | Build | Farm |
| 21:13 | Create | Villager (Male) |
| 21:19 | Create | Villager (Male) |
| 21:23 | Create | Villager (Male) |
| 21:35 | Research | Wheelbarrow |
| 21:36 | Create | Villager (Male) |
| 21:40 | Create | Villager (Male) |
| 21:43 | Build | Farm |
| 21:46 | Build | Farm |
| 21:46 | Create | Villager (Male) |
| 21:50 | Build | Mill |
| 21:51 | Build | Farm |
| 21:52 | Build | Farm |
| 21:53 | Create | Villager (Male) |
| 21:55 | Create | Villager (Male) |
Build order — HD_JAGUAR
78 actions detected in the replay
| 0:01 | Create | Villager (Male) |
| 0:02 | Create | Villager (Male) |
| 0:02 | Create | Villager (Male) |
| 0:02 | Create | Villager (Male) |
| 0:04 | Build | House |
| 0:05 | Build | House |
| 1:29 | Create | Villager (Male) |
| 1:46 | Build | Lumber Camp |
| 2:00 | Create | Villager (Male) |
| 2:01 | Create | Villager (Male) |
| 2:15 | Create | Villager (Male) |
| 2:51 | Create | Villager (Male) |
| 3:04 | Create | Villager (Male) |
| 3:36 | Create | Villager (Male) |
| 3:56 | Build | House |
| 3:57 | Build | House |
| 3:59 | Create | Villager (Male) |
| 4:17 | Create | Villager (Male) |
| 4:39 | Build | Mill |
| 5:00 | Create | Villager (Male) |
| 5:04 | Create | Villager (Male) |
| 5:22 | Create | Villager (Male) |
| 5:26 | Create | Villager (Male) |
| 6:02 | Create | Villager (Male) |
| 6:34 | Build | House |
| 6:37 | Create | Villager (Male) |
| 7:34 | Create | Villager (Male) |
| 7:35 | Create | Villager (Male) |
| 7:45 | Build | Mill |
| 7:48 | Create | Villager (Male) |
| 8:12 | Create | Villager (Male) |
| 8:30 | Create | Villager (Male) |
| 8:43 | Create | Villager (Male) |
| 9:02 | Research | Feudal Age |
| 9:55 | Build | Lumber Camp |
| 10:20 | Build | Mining Camp |
| 10:30 | Build | Farm |
| 10:30 | Build | Farm |
| 10:31 | Build | Farm |
| 10:31 | Build | Farm |
| 10:31 | Build | Farm |
| 12:10 | Create | Villager (Male) |
| 12:11 | Create | Villager (Male) |
| 12:14 | Age | Feudal Age |
| 12:21 | Build | Market |
| 12:28 | Build | Blacksmith |
| 13:05 | Research | Horse Collar |
| 13:07 | Create | Villager (Male) |
| 13:16 | Research | Loom |
| 13:20 | Build | House |
| 13:22 | Build | House |
| 13:23 | Build | House |
| 13:32 | Research | Castle Age |
| 13:44 | Research | Double-Bit Axe |
| 13:55 | Build | Farm |
| 13:55 | Build | Farm |
| 13:56 | Build | Farm |
| 13:56 | Build | Farm |
| 14:17 | Build | Farm |
| 14:34 | Research | Wheelbarrow |
| 15:10 | Build | Mining Camp |
| 15:39 | Create | Villager (Male) |
| 16:21 | Age | Castle Age |
| 16:29 | Build | University |
| 16:31 | Create | Villager (Male) |
| 16:58 | Build | House |
| 17:24 | Create | Villager (Male) |
| 17:30 | Research | Fortified Wall (upgrade) |
| 17:40 | Build | Stone Wall |
| 17:45 | Build | Stone Wall |
| 17:49 | Build | Stone Wall |
| 18:29 | Build | Castle |
| 18:36 | Build | House |
| 18:40 | Build | House |
| 18:41 | Build | House |
| 20:08 | Build | Gate |
| 20:26 | Build | Gate |
| 20:31 | Build | Stone Wall |
Build order — Coco_Tullido
140 actions detected in the replay
| 0:00 | Create | Villager (Male) |
| 0:01 | Create | Villager (Male) |
| 0:01 | Create | Villager (Male) |
| 0:02 | Build | House |
| 0:03 | Build | House |
| 0:13 | Create | Villager (Male) |
| 1:23 | Create | Villager (Male) |
| 1:46 | Build | Lumber Camp |
| 1:53 | Create | Villager (Male) |
| 2:10 | Create | Villager (Male) |
| 2:46 | Create | Villager (Male) |
| 2:59 | Create | Villager (Male) |
| 3:23 | Build | House |
| 3:24 | Build | House |
| 3:33 | Create | Villager (Male) |
| 3:57 | Create | Villager (Male) |
| 4:34 | Build | Mill |
| 4:36 | Create | Villager (Male) |
| 4:37 | Create | Villager (Male) |
| 5:15 | Build | Farm |
| 5:17 | Create | Villager (Male) |
| 5:18 | Create | Villager (Male) |
| 5:31 | Create | Villager (Male) |
| 5:47 | Build | Farm |
| 5:51 | Create | Villager (Male) |
| 5:56 | Build | House |
| 6:32 | Create | Villager (Male) |
| 6:56 | Create | Villager (Male) |
| 7:21 | Build | Farm |
| 7:48 | Build | Mill |
| 7:50 | Create | Villager (Male) |
| 7:51 | Create | Villager (Male) |
| 8:17 | Create | Villager (Male) |
| 8:45 | Build | Mining Camp |
| 8:50 | Research | Feudal Age |
| 8:50 | Research | Loom |
| 8:51 | Create | Villager (Male) |
| 11:15 | Age | Feudal Age |
| 11:17 | Build | Market |
| 11:22 | Build | Blacksmith |
| 11:52 | Research | Double-Bit Axe |
| 12:07 | Research | Castle Age |
| 13:50 | Build | House |
| 14:07 | Build | House |
| 14:28 | Create | Villager (Male) |
| 14:47 | Age | Castle Age |
| 14:50 | Create | Villager (Male) |
| 14:53 | Research | Bow Saw |
| 14:56 | Build | Monastery |
| 15:00 | Build | Siege Workshop |
| 15:08 | Build | Mining Camp |
| 15:28 | Build | Monastery |
| 15:31 | Create | Monk |
| 15:34 | Create | Armored Elephant |
| 15:35 | Create | Armored Elephant |
| 15:35 | Create | Villager (Male) |
| 15:56 | Create | Monk |
| 16:00 | Create | Monk |
| 16:07 | Build | Mining Camp |
| 16:19 | Create | Armored Elephant |
| 16:24 | Build | Farm |
| 16:27 | Build | Farm |
| 16:45 | Create | Monk |
| 16:48 | Build | House |
| 17:00 | Build | House |
| 17:19 | Create | Monk |
| 17:33 | Create | Villager (Male) |
| 17:55 | Build | House |
| 18:14 | Build | Stone Wall |
| 18:15 | Build | Stone Wall |
| 18:15 | Create | Villager (Male) |
| 18:16 | Create | Villager (Male) |
| 18:18 | Build | Farm |
| 18:20 | Build | House |
| 18:21 | Build | House |
| 18:21 | Create | Villager (Male) |
| 19:11 | Build | House |
| 19:15 | Create | Villager (Male) |
| 19:21 | Build | Farm |
| 19:23 | Build | Farm |
| 19:37 | Build | House |
| 19:41 | Create | Monk |
| 19:42 | Create | Monk |
| 19:46 | Research | Fervor |
| 20:06 | Build | Stone Wall |
| 20:09 | Build | Stone Wall |
| 20:11 | Build | House |
| 20:21 | Create | Villager (Male) |
| 20:21 | Create | Villager (Male) |
| 20:23 | Build | Farm |
| 20:25 | Build | Farm |
| 20:26 | Create | Monk |
| 20:28 | Research | Sanctity |
| 20:29 | Create | Monk |
| 20:50 | Build | Gate |
| 20:57 | Build | Gate |
| 21:16 | Create | Villager (Male) |
| 21:16 | Create | Villager (Male) |
| 21:18 | Build | Farm |
| 21:56 | Build | Stone Wall |
| 21:59 | Create | Villager (Male) |
| 21:59 | Create | Villager (Male) |
| 22:01 | Build | Farm |
| 22:03 | Build | Farm |
| 22:15 | Build | Town Center |
| 22:23 | Build | House |
| 22:32 | Build | Farm |
| 22:34 | Build | Town Center |
| 22:37 | Research | Horse Collar |
| 22:37 | Create | Villager (Male) |
| 22:50 | Create | Monk |
| 22:51 | Create | Monk |
| 23:21 | Create | Villager (Male) |
| 23:21 | Create | Villager (Male) |
| 23:26 | Build | Farm |
| 23:27 | Build | Farm |
| 23:53 | Create | Villager (Male) |
| 23:54 | Create | Villager (Male) |
| 23:55 | Build | Farm |
| 23:57 | Build | Farm |
| 23:59 | Create | Villager (Male) |
| 24:13 | Build | Farm |
| 24:17 | Build | Farm |
| 24:18 | Create | Villager (Male) |
| 24:37 | Research | Wheelbarrow |
| 24:37 | Create | Villager (Male) |
| 24:38 | Create | Villager (Male) |
| 24:40 | Build | Farm |
| 24:41 | Build | Farm |
| 24:57 | Research | Redemption |
| 25:00 | Research | Atonement |
| 25:01 | Create | Villager (Male) |
| 25:01 | Create | Villager (Male) |
| 25:14 | Create | Villager (Male) |
| 25:14 | Create | Villager (Male) |
| 25:16 | Build | Farm |
| 25:19 | Build | Farm |
| 25:23 | Build | Farm |
| 25:24 | Build | Farm |
| 26:30 | Build | Mining Camp |
Build order — [SotC] Memowolf
First 150 of 195 actions detected
| 0:02 | Create | Villager (Male) |
| 0:02 | Create | Villager (Male) |
| 0:03 | Create | Villager (Male) |
| 0:04 | Build | House |
| 0:06 | Build | House |
| 0:33 | Create | Villager (Male) |
| 1:19 | Create | Villager (Male) |
| 1:59 | Build | Mill |
| 2:00 | Create | Villager (Male) |
| 2:23 | Create | Villager (Male) |
| 2:23 | Create | Villager (Male) |
| 3:08 | Build | House |
| 3:10 | Build | House |
| 3:23 | Create | Villager (Male) |
| 3:24 | Create | Villager (Male) |
| 4:11 | Create | Villager (Male) |
| 4:11 | Create | Villager (Male) |
| 4:11 | Create | Villager (Male) |
| 4:12 | Create | Villager (Male) |
| 4:28 | Create | Villager (Male) |
| 5:24 | Create | Villager (Male) |
| 5:59 | Build | Lumber Camp |
| 6:10 | Create | Villager (Male) |
| 6:10 | Create | Villager (Male) |
| 7:10 | Create | Villager (Male) |
| 7:14 | Build | Farm |
| 7:27 | Create | Villager (Male) |
| 7:46 | Build | Farm |
| 8:04 | Build | Mining Camp |
| 8:07 | Research | Feudal Age |
| 8:41 | Build | House |
| 9:20 | Build | Farm |
| 9:36 | Build | House |
| 9:47 | Build | Mill |
| 9:57 | Build | Mill |
| 10:01 | Create | Villager (Male) |
| 10:02 | Create | Villager (Male) |
| 10:33 | Age | Feudal Age |
| 10:38 | Build | Blacksmith |
| 10:52 | Build | Market |
| 11:24 | Create | Villager (Male) |
| 11:37 | Build | House |
| 11:38 | Build | House |
| 11:53 | Build | Farm |
| 12:11 | Research | Castle Age |
| 13:13 | Create | Villager (Male) |
| 13:14 | Create | Villager (Male) |
| 13:21 | Research | Double-Bit Axe |
| 14:51 | Age | Castle Age |
| 14:53 | Build | Town Center |
| 15:01 | Build | Town Center |
| 16:12 | Build | Monastery |
| 16:19 | Create | Villager (Male) |
| 16:19 | Create | Villager (Male) |
| 16:30 | Create | Villager (Male) |
| 16:37 | Create | Villager (Male) |
| 16:37 | Create | Villager (Male) |
| 16:52 | Create | Villager (Male) |
| 16:53 | Create | Villager (Male) |
| 16:58 | Build | Farm |
| 17:01 | Build | Farm |
| 17:02 | Create | Monk |
| 17:08 | Create | Villager (Male) |
| 17:09 | Create | Villager (Male) |
| 17:47 | Build | Barracks |
| 17:57 | Create | Villager (Male) |
| 17:57 | Create | Villager (Male) |
| 18:00 | Create | Villager (Male) |
| 18:00 | Create | Villager (Male) |
| 18:02 | Create | Villager (Male) |
| 18:29 | Build | Farm |
| 18:46 | Build | Stable |
| 18:49 | Research | Gold Mining |
| 18:51 | Create | Villager (Male) |
| 18:54 | Build | House |
| 18:59 | Research | Scale Barding Armor |
| 19:00 | Research | Forging |
| 19:04 | Build | Stable |
| 19:07 | Build | Farm |
| 19:08 | Build | Farm |
| 19:08 | Build | Farm |
| 19:10 | Create | Villager (Male) |
| 19:14 | Create | Villager (Male) |
| 19:18 | Build | Farm |
| 19:18 | Build | Farm |
| 19:18 | Build | Farm |
| 19:43 | Create | Camel Scout |
| 20:00 | Create | Camel Scout |
| 20:10 | Build | Farm |
| 20:10 | Build | Farm |
| 20:10 | Build | Farm |
| 20:10 | Build | Farm |
| 20:12 | Create | Villager (Male) |
| 20:25 | Build | Farm |
| 20:36 | Research | Horse Collar |
| 20:39 | Build | Farm |
| 20:39 | Build | Farm |
| 20:40 | Build | Farm |
| 20:40 | Build | Farm |
| 20:40 | Build | Farm |
| 21:20 | Build | Farm |
| 21:22 | Create | Villager (Male) |
| 21:22 | Create | Villager (Male) |
| 21:23 | Create | Villager (Male) |
| 21:23 | Create | Villager (Male) |
| 21:47 | Create | Villager (Male) |
| 21:48 | Create | Villager (Male) |
| 21:48 | Create | Villager (Male) |
| 21:48 | Create | Villager (Male) |
| 21:51 | Create | Villager (Male) |
| 21:58 | Build | Farm |
| 21:59 | Create | Villager (Male) |
| 22:00 | Create | Villager (Male) |
| 22:00 | Create | Villager (Male) |
| 22:14 | Create | Villager (Male) |
| 22:25 | Build | Farm |
| 22:25 | Build | Farm |
| 22:25 | Build | Farm |
| 22:26 | Build | Farm |
| 22:26 | Build | Farm |
| 22:26 | Build | Farm |
| 22:27 | Build | Farm |
| 22:27 | Build | Farm |
| 22:37 | Create | Villager (Male) |
| 22:37 | Create | Villager (Male) |
| 22:37 | Create | Villager (Male) |
| 22:38 | Create | Villager (Male) |
| 22:51 | Create | Villager (Male) |
| 22:52 | Create | Villager (Male) |
| 23:02 | Create | Villager (Male) |
| 23:03 | Create | Villager (Male) |
| 23:05 | Create | Villager (Male) |
| 23:35 | Build | House |
| 23:37 | Build | House |
| 23:38 | Build | House |
| 23:40 | Build | House |
| 23:41 | Build | House |
| 23:43 | Research | Wheelbarrow |
| 23:44 | Research | Loom |
| 23:58 | Create | Villager (Male) |
| 23:59 | Create | Villager (Male) |
| 23:59 | Create | Villager (Male) |
| 23:59 | Create | Villager (Male) |
| 24:00 | Create | Villager (Male) |
| 24:00 | Create | Villager (Male) |
| 24:09 | Build | Farm |
| 24:09 | Build | Farm |
| 24:09 | Build | Farm |
| 24:10 | Build | Farm |
| 24:10 | Build | Farm |
Build order — The_ Rock
First 150 of 171 actions detected
| 0:01 | Create | Villager (Male) |
| 0:01 | Create | Villager (Male) |
| 0:01 | Create | Villager (Male) |
| 0:03 | Build | House |
| 0:04 | Build | House |
| 0:06 | Create | Villager (Male) |
| 0:36 | Build | Lumber Camp |
| 1:31 | Create | Villager (Male) |
| 2:03 | Create | Villager (Male) |
| 2:03 | Create | Villager (Male) |
| 2:31 | Create | Villager (Male) |
| 2:52 | Create | Villager (Male) |
| 3:16 | Create | Villager (Male) |
| 3:16 | Create | Villager (Male) |
| 3:49 | Build | House |
| 4:00 | Create | Villager (Male) |
| 4:12 | Create | Villager (Male) |
| 4:42 | Build | Mill |
| 4:57 | Create | Villager (Male) |
| 5:24 | Create | Villager (Male) |
| 5:52 | Create | Villager (Male) |
| 6:15 | Create | Villager (Male) |
| 6:42 | Research | Feudal Age |
| 7:35 | Build | House |
| 8:26 | Create | Villager (Male) |
| 8:40 | Create | Villager (Male) |
| 8:52 | Age | Feudal Age |
| 8:54 | Build | Town Center |
| 9:27 | Research | Double-Bit Axe |
| 9:36 | Create | Villager (Male) |
| 9:58 | Create | Villager (Male) |
| 10:09 | Build | House |
| 10:28 | Create | Villager (Male) |
| 10:39 | Create | Villager (Male) |
| 10:40 | Create | Villager (Male) |
| 10:40 | Create | Villager (Male) |
| 10:42 | Create | Villager (Male) |
| 10:46 | Research | Horse Collar |
| 10:58 | Create | Villager (Male) |
| 11:13 | Create | Villager (Male) |
| 11:14 | Create | Villager (Male) |
| 11:18 | Build | Farm |
| 11:20 | Build | Farm |
| 11:35 | Build | House |
| 11:40 | Build | Farm |
| 11:42 | Build | Farm |
| 11:58 | Create | Villager (Male) |
| 12:04 | Build | Farm |
| 12:16 | Create | Villager (Male) |
| 12:18 | Create | Villager (Male) |
| 12:22 | Build | Farm |
| 12:28 | Build | Farm |
| 12:37 | Research | Wheelbarrow |
| 12:51 | Build | Farm |
| 12:53 | Build | Farm |
| 12:55 | Build | Farm |
| 13:00 | Create | Villager (Male) |
| 13:10 | Build | Farm |
| 13:21 | Build | House |
| 13:22 | Create | Villager (Male) |
| 13:30 | Build | Mining Camp |
| 13:31 | Create | Villager (Male) |
| 13:33 | Build | Farm |
| 13:49 | Create | Villager (Male) |
| 14:06 | Create | Villager (Male) |
| 14:07 | Create | Villager (Male) |
| 14:09 | Build | Farm |
| 14:11 | Build | House |
| 14:13 | Create | Villager (Male) |
| 14:20 | Build | Farm |
| 14:22 | Build | Farm |
| 14:23 | Build | Farm |
| 14:24 | Build | Farm |
| 14:27 | Create | Villager (Male) |
| 14:30 | Build | Farm |
| 14:43 | Create | Villager (Male) |
| 14:48 | Build | House |
| 14:49 | Create | Villager (Male) |
| 15:14 | Create | Villager (Male) |
| 15:14 | Create | Villager (Male) |
| 15:18 | Create | Villager (Male) |
| 15:18 | Create | Villager (Male) |
| 15:20 | Build | Farm |
| 15:30 | Create | Villager (Male) |
| 15:30 | Create | Villager (Male) |
| 15:30 | Create | Villager (Male) |
| 15:34 | Create | Villager (Male) |
| 15:34 | Create | Villager (Male) |
| 15:36 | Build | Blacksmith |
| 15:40 | Build | Farm |
| 15:40 | Build | Farm |
| 15:41 | Build | Farm |
| 15:46 | Create | Villager (Male) |
| 15:54 | Build | Farm |
| 15:56 | Build | Farm |
| 16:25 | Build | Market |
| 16:28 | Build | House |
| 16:42 | Build | Farm |
| 16:57 | Build | Lumber Camp |
| 17:04 | Build | House |
| 17:05 | Build | House |
| 17:32 | Build | House |
| 17:36 | Research | Castle Age |
| 17:40 | Build | Farm |
| 17:44 | Build | Farm |
| 18:05 | Create | Villager (Male) |
| 18:08 | Build | Barracks |
| 18:12 | Build | House |
| 18:13 | Create | Villager (Male) |
| 18:14 | Create | Villager (Male) |
| 18:42 | Create | Villager (Male) |
| 18:48 | Research | Gold Mining |
| 18:51 | Research | Scale Barding Armor |
| 18:51 | Research | Forging |
| 18:55 | Create | Villager (Male) |
| 19:02 | Build | Stable |
| 19:05 | Build | Stable |
| 19:18 | Build | Stable |
| 19:21 | Build | Stable |
| 19:25 | Build | Stable |
| 19:39 | Build | Farm |
| 19:55 | Research | Bloodlines |
| 19:55 | Research | Bloodlines |
| 20:17 | Age | Castle Age |
| 20:24 | Create | Knight ×5 |
| 20:32 | Build | Farm |
| 20:32 | Build | Farm |
| 20:32 | Build | Farm |
| 20:33 | Build | Farm |
| 20:33 | Build | Farm |
| 20:33 | Build | Farm |
| 20:33 | Build | Farm |
| 20:34 | Create | Villager (Male) |
| 20:34 | Create | Villager (Male) |
| 20:35 | Create | Villager (Male) |
| 20:36 | Create | Villager (Male) |
| 20:42 | Research | Bow Saw |
| 21:05 | Create | Knight ×5 |
| 21:06 | Create | Knight ×5 |
| 21:23 | Create | Villager (Male) |
| 21:23 | Create | Villager (Male) |
| 22:11 | Create | Knight ×5 |
| 22:14 | Build | House |
| 22:17 | Build | House |
| 22:20 | Build | House |
| 22:23 | Build | House |
| 22:24 | Create | Villager (Male) |
| 22:27 | Research | Hand Cart |
| 22:55 | Create | Knight ×3 |
| 22:56 | Create | Villager (Male) |
Build order — Corsican Pirate
122 actions detected in the replay
| 0:03 | Create | Villager (Male) ×4 |
| 0:03 | Create | Villager (Male) ×4 |
| 0:06 | Build | House |
| 0:09 | Build | House |
| 1:31 | Create | Villager (Male) |
| 1:50 | Build | Lumber Camp |
| 2:06 | Create | Villager (Male) |
| 2:26 | Create | Villager (Male) |
| 2:27 | Create | Villager (Male) |
| 2:54 | Create | Villager (Male) |
| 2:54 | Create | Villager (Male) |
| 3:13 | Create | Villager (Male) |
| 3:47 | Create | Villager (Male) |
| 3:48 | Create | Villager (Male) |
| 3:52 | Build | House |
| 4:21 | Build | Mill |
| 4:25 | Create | Villager (Male) |
| 4:47 | Create | Villager (Male) |
| 5:10 | Create | Villager (Male) |
| 5:18 | Build | Mill |
| 5:28 | Create | Villager (Male) |
| 6:01 | Create | Villager (Male) |
| 6:02 | Create | Villager (Male) |
| 6:10 | Create | Villager (Male) |
| 6:11 | Create | Villager (Male) |
| 6:19 | Build | House |
| 6:21 | Build | House |
| 6:58 | Create | Villager (Male) |
| 6:59 | Create | Villager (Male) |
| 7:59 | Create | Villager (Male) |
| 7:59 | Create | Villager (Male) |
| 8:49 | Build | Mining Camp |
| 8:52 | Research | Feudal Age |
| 8:53 | Research | Loom |
| 9:01 | Create | Villager (Male) |
| 9:13 | Create | Villager (Male) |
| 10:12 | Build | Farm |
| 10:18 | Build | Farm |
| 10:34 | Build | Farm |
| 11:10 | Age | Feudal Age |
| 11:21 | Build | Market |
| 11:25 | Build | Blacksmith |
| 12:06 | Build | Mining Camp |
| 12:48 | Research | Castle Age |
| 13:15 | Create | Villager (Male) |
| 13:15 | Create | Villager (Male) |
| 13:20 | Build | House |
| 13:22 | Build | House |
| 13:27 | Research | Double-Bit Axe |
| 15:01 | Build | Barracks |
| 15:28 | Age | Castle Age |
| 15:34 | Create | Spearman |
| 15:34 | Create | Spearman |
| 16:11 | Build | Castle |
| 16:43 | Create | Villager (Male) |
| 16:43 | Create | Villager (Male) |
| 16:43 | Create | Villager (Male) |
| 17:24 | Build | Siege Workshop |
| 17:27 | Create | Conquistador ×3 |
| 18:13 | Create | Conquistador |
| 18:14 | Create | Conquistador |
| 18:50 | Build | Town Center |
| 18:56 | Create | Conquistador |
| 18:57 | Create | Conquistador |
| 19:06 | Create | Villager (Male) |
| 19:07 | Create | Villager (Male) |
| 19:07 | Create | Villager (Male) |
| 20:03 | Build | Farm |
| 20:18 | Create | Conquistador |
| 20:18 | Create | Conquistador |
| 21:12 | Build | Farm |
| 21:13 | Build | Farm |
| 21:13 | Build | Farm |
| 21:13 | Build | Farm |
| 21:14 | Build | Farm |
| 21:19 | Create | Villager (Male) |
| 21:57 | Research | Padded Archer Armor |
| 22:00 | Create | Conquistador ×2 |
| 22:08 | Build | Farm |
| 22:16 | Build | Farm |
| 22:23 | Build | Farm |
| 22:24 | Build | Farm |
| 22:24 | Build | Farm |
| 22:24 | Build | Farm |
| 22:28 | Create | Villager (Male) |
| 22:54 | Create | Battering Ram |
| 22:54 | Create | Battering Ram |
| 22:58 | Create | Petard |
| 22:58 | Create | Petard |
| 23:04 | Create | Petard |
| 23:04 | Create | Petard |
| 23:12 | Build | Farm |
| 23:15 | Create | Villager (Male) |
| 23:15 | Create | Villager (Male) |
| 23:45 | Create | Battering Ram |
| 24:08 | Research | Leather Archer Armor |
| 24:21 | Create | Battering Ram |
| 24:32 | Create | Villager (Male) |
| 24:32 | Create | Villager (Male) |
| 24:40 | Create | Villager (Male) |
| 24:40 | Create | Villager (Male) |
| 24:46 | Create | Battering Ram |
| 25:04 | Create | Battering Ram |
| 25:14 | Create | Conquistador |
| 25:14 | Create | Conquistador |
| 25:14 | Create | Conquistador |
| 25:56 | Create | Battering Ram |
| 26:31 | Build | Stable |
| 26:43 | Build | Town Center |
| 28:02 | Research | Bloodlines |
| 28:03 | Research | Husbandry |
| 28:10 | Research | Wheelbarrow |
| 28:13 | Build | Farm |
| 28:13 | Build | Farm |
| 28:14 | Build | Farm |
| 28:14 | Build | Farm |
| 28:14 | Build | Farm |
| 28:14 | Build | Farm |
| 28:15 | Build | Farm |
| 28:17 | Create | Villager (Male) |
| 28:17 | Create | Villager (Male) |
| 28:18 | Create | Villager (Male) |
Build order — kick/Chuberto
113 actions detected in the replay
| 0:01 | Create | Villager (Male) |
| 0:02 | Build | House |
| 0:04 | Build | House |
| 0:04 | Create | Villager (Male) |
| 0:04 | Create | Villager (Male) |
| 0:05 | Create | Villager (Male) |
| 1:26 | Build | Mill |
| 1:29 | Create | Villager (Male) |
| 1:47 | Create | Villager (Male) |
| 1:47 | Create | Villager (Male) |
| 2:24 | Create | Villager (Male) |
| 2:55 | Create | Villager (Male) |
| 3:12 | Create | Villager (Male) |
| 3:25 | Create | Villager (Male) |
| 3:54 | Create | Villager (Male) |
| 4:12 | Create | Villager (Male) |
| 4:13 | Create | Villager (Male) |
| 4:22 | Build | Lumber Camp |
| 4:42 | Build | House |
| 4:45 | Create | Villager (Male) |
| 4:48 | Research | Loom |
| 5:14 | Create | Villager (Male) |
| 5:14 | Create | Villager (Male) |
| 5:15 | Create | Villager (Male) |
| 5:15 | Create | Villager (Male) |
| 5:15 | Create | Villager (Male) |
| 5:53 | Create | Villager (Male) |
| 6:14 | Create | Villager (Male) |
| 6:35 | Build | Mill |
| 6:43 | Create | Villager (Male) |
| 6:56 | Build | House |
| 7:47 | Build | Mining Camp |
| 8:28 | Research | Feudal Age |
| 9:17 | Create | Villager (Male) |
| 9:18 | Create | Villager (Male) |
| 9:27 | Build | House |
| 10:05 | Build | Farm |
| 10:05 | Build | Farm |
| 10:12 | Build | Farm |
| 10:44 | Age | Feudal Age |
| 10:50 | Build | Market |
| 11:09 | Build | Blacksmith |
| 11:32 | Build | Farm |
| 11:49 | Build | Farm |
| 11:54 | Create | Villager (Male) |
| 12:36 | Research | Castle Age |
| 13:18 | Build | House |
| 13:30 | Build | House |
| 13:33 | Build | Outpost |
| 14:20 | Research | Double-Bit Axe |
| 14:22 | Research | Horse Collar |
| 15:16 | Age | Castle Age |
| 15:18 | Create | Villager (Male) |
| 15:32 | Build | Castle |
| 15:33 | Create | Villager (Male) |
| 15:41 | Build | Mining Camp |
| 15:54 | Build | Monastery |
| 16:02 | Create | Villager (Male) |
| 16:11 | Build | Farm |
| 16:18 | Create | Villager (Male) |
| 16:38 | Create | Missionary |
| 16:40 | Create | Villager (Male) |
| 16:56 | Create | Conquistador |
| 17:31 | Create | Conquistador |
| 18:23 | Create | Conquistador |
| 18:30 | Create | Missionary |
| 18:35 | Create | Villager (Male) |
| 18:36 | Build | Farm |
| 18:37 | Create | Villager (Male) |
| 18:51 | Create | Villager (Male) |
| 18:53 | Build | Farm |
| 18:58 | Create | Villager (Male) |
| 19:26 | Create | Missionary |
| 19:33 | Build | Farm |
| 19:34 | Create | Villager (Male) |
| 19:52 | Create | Conquistador |
| 20:03 | Create | Conquistador |
| 20:04 | Create | Villager (Male) |
| 20:05 | Build | Farm |
| 20:06 | Build | Farm |
| 20:24 | Create | Conquistador |
| 20:50 | Create | Conquistador |
| 20:54 | Build | Farm |
| 20:56 | Build | Farm |
| 20:58 | Create | Villager (Male) |
| 21:05 | Create | Missionary |
| 21:10 | Create | Villager (Male) |
| 21:40 | Build | Farm |
| 21:41 | Build | Farm |
| 21:41 | Build | Farm |
| 21:41 | Build | Farm |
| 21:41 | Build | Farm |
| 21:43 | Create | Villager (Male) |
| 21:51 | Build | Farm |
| 21:53 | Build | Farm |
| 22:16 | Create | Conquistador |
| 22:24 | Create | Villager (Male) |
| 22:28 | Build | Lumber Camp |
| 22:30 | Create | Villager (Male) |
| 22:50 | Create | Petard |
| 22:50 | Create | Petard |
| 23:05 | Create | Villager (Male) |
| 23:20 | Create | Villager (Male) |
| 23:58 | Build | Barracks |
| 24:00 | Create | Villager (Male) |
| 24:11 | Build | House |
| 24:12 | Build | House |
| 24:14 | Build | House |
| 24:53 | Build | Gate |
| 24:57 | Create | Villager (Male) |
| 24:59 | Build | Farm |
| 25:00 | Build | Farm |
| 25:56 | Create | Villager (Male) |
Match timeline
| 6:15 | the shy · wall_segment Palisade Wall x1 |
| 6:16 | the shy · wall_segment Palisade Wall x1 |
| 6:19 | the shy · wall_segment Palisade Wall x1 |
| 6:21 | the shy · wall_segment Palisade Wall x1 |
| 8:52 | The_ Rock · age_up feudal |
| 10:33 | [SotC] Memowolf · age_up feudal |
| 10:44 | kick/Chuberto · age_up feudal |
| 11:06 | the shy · age_up feudal |
| 11:10 | Corsican Pirate · age_up feudal |
| 11:15 | Coco_Tullido · age_up feudal |
| 11:37 | kick/Chuberto · first_market_sell 100 stone |
| 11:51 | Dani_Tullido · age_up feudal |
| 12:14 | HD_JAGUAR · age_up feudal |
| 12:28 | Corsican Pirate · first_market_sell 100 wood |
| 12:35 | Corsican Pirate · first_market_buy 100 food |
| 12:41 | Dani_Tullido · first_building Barracks |
| 14:18 | Dani_Tullido · first_building Stable |
| 14:43 | the shy · age_up castle |
| 14:47 | Coco_Tullido · age_up castle |
| 14:51 | [SotC] Memowolf · age_up castle |
| 14:56 | Coco_Tullido · first_building Monastery |
| 15:00 | Coco_Tullido · first_building Siege Workshop |
| 15:01 | Corsican Pirate · first_building Barracks |
| 15:16 | kick/Chuberto · age_up castle |
| 15:28 | Corsican Pirate · age_up castle |
| 15:32 | kick/Chuberto · first_building Castle |
| 15:41 | the shy · first_building Monastery |
| 15:54 | kick/Chuberto · first_building Monastery |
| 16:00 | Dani_Tullido · age_up castle |
| 16:05 | Dani_Tullido · first_building Monastery |
| 16:11 | Corsican Pirate · first_building Castle |
| 16:12 | [SotC] Memowolf · first_building Monastery |
| 16:21 | HD_JAGUAR · age_up castle |
| 16:23 | the shy · first_market_sell 100 wood |
| 17:24 | Corsican Pirate · first_building Siege Workshop |
| 17:40 | HD_JAGUAR · wall_segment Stone Wall x1 |
| 17:45 | HD_JAGUAR · wall_segment Stone Wall x1 |
| 17:47 | [SotC] Memowolf · first_building Barracks |
| 17:49 | HD_JAGUAR · wall_segment Stone Wall x1 |
| 18:08 | The_ Rock · first_building Barracks |
| 18:14 | Coco_Tullido · wall_segment Stone Wall x1 |
| 18:15 | Coco_Tullido · wall_segment Stone Wall x1 |
| 18:18 | HD_JAGUAR · first_market_buy 100 stone |
| 18:29 | HD_JAGUAR · first_building Castle |
| 18:46 | [SotC] Memowolf · first_building Stable |
| 19:02 | The_ Rock · first_building Stable |
| 20:06 | Coco_Tullido · wall_segment Stone Wall x9 |
| 20:09 | Coco_Tullido · wall_segment Stone Wall x6 |
| 20:17 | The_ Rock · age_up castle |
| 20:31 | HD_JAGUAR · wall_segment Stone Wall x1 |
| 21:56 | Coco_Tullido · wall_segment Stone Wall x1 |
| 23:58 | kick/Chuberto · first_building Barracks |
| 24:10 | Dani_Tullido · first_market_buy 100 food |
| 25:06 | the shy · first_building Barracks |
| 25:35 | HD_JAGUAR · resign |
| 26:08 | Dani_Tullido · first_market_sell 100 wood |
| 26:31 | the shy · first_building Castle |
| 26:31 | Corsican Pirate · first_building Stable |
| 27:41 | the shy · first_building Stable |
| 27:52 | the shy · age_up imperial |
[ AI ANALYSIS · 1 CREDIT ]
What really happened in this match?
Wolo.gg analyzes every decision: build order, eco, micro, common mistakes by bracket. Personalized analysis on WhatsApp or Discord in 30 seconds.
Civ guide
Lithuanians
Perfil
Jugador #11335015